 Dungeon Crawl Stone Soup version 0.31-a0-150-g89dc3ad700 (webtiles) character file.

Game seed: 18193414562186905514

233 qw the Trooper (level 6, 0/40 HPs)
             Began as a Gargoyle Hunter on June 8, 2023.
             Slain by a gnoll bouda
             ... wielding a +0 club
              (3 damage)
             ... on level 5 of the Dungeon.
             The game lasted 00:00:32 (1384 turns).

qw the Trooper (Gargoyle Hunter)                    Turns: 1384, Time: 00:00:33

Health: 0/40       AC:  7    Str: 21    XL:     6   Next: 4%
Magic:  6/6        EV: 12    Int:  9    God:
Gold:   158        SH:  0    Dex: 15    Spells: 5/5 levels left

rFire   . . .        Y - +0 shortbow
rCold   . . .        (shield currently unavailable)
rNeg    + . .        c - +0 leather armour
rPois   inf          (no helmet)
rElec   +            (no cloak)
rCorr   .            (no gloves)
SInv    .            (no boots)
Will    .....        (no amulet)
Stlth   ++           e - +6 ring of strength
HPRegen 0.26/turn    (no ring)
MPRegen 0.10/turn

%: no passive effects
@: weakened
A: sickness immunity, AC +4, negative energy resistance 1, electricity
resistance, torment resistance 1, petrification resistance
a: no special abilities


You were on level 5 of the Dungeon.
You visited 1 branch of the dungeon, and saw 4 of its levels.

You collected 185 gold pieces.
You spent 27 gold pieces at shops.


Innate Abilities, Weirdness & Mutations

You are immune to sickness and miasma.
Your stone body is resilient. (AC +4)
You are immune to poison.
You resist negative energy. (rN+)
You are resistant to electric shocks. (rElec)
You are resistant to unholy torment.
You are immune to petrification.


   Skills:
 - Level 5.4 Fighting
 + Level 5.3 Ranged Weapons
 - Level 1.5 Dodging
 - Level 1.1 Stealth


You had 5 spell levels left.
You didn't know any spells.
Your spell library was empty.

Inventory:

Hand Weapons
 Y - a +0 shortbow (weapon)
Armour
 c - a +0 leather armour (worn)
Jewellery
 e - a +6 ring of strength (left hand)
Scrolls
 a - a scroll of identify
 b - a scroll of amnesia {unknown}
 f - a scroll of enchant armour

Dungeon Overview and Level Annotations

Branches:
Dungeon (3/15)

Altars:

Shops:
D:1 **

Annotations:
D:1 2 transporters


Message History

The gnoll closely misses you. The hound misses you.
The gnoll hits you with a +0 flail!
The gnoll bouda calls upon its god to heal the gnoll.
The gnoll's wounds heal themselves!
You hear a shout!
You shoot an arrow. The arrow hits the hound!
The hound is severely wounded.
The hound bites you but does no damage. The gnoll hits you but does no damage.
The gnoll misses you.
The gnoll bouda gazes fiercely through you!
You feel your attacks grow feeble. The hound bites you.
You shoot an arrow. The arrow hits the hound.
You kill the hound!
The gnoll hits you from afar with a +0 spear.
The gnoll closely misses you. The gnoll bouda barely misses you.
The ogre closely misses you.
The gnoll hits you from afar with a +0 spear.
You have reached level 6!
You shoot an arrow. The arrow closely misses the ogre.
The gnoll barely misses you. The gnoll bouda closely misses you.
The orc hits you but does no damage.
The orc wizard mumbles some strange words.
The orc wizard flickers and vanishes!
Deactivating autopickup; reactivate with Ctrl-A.
The ogre closely misses you.
The gnoll hits you from afar with a +0 spear.
The gnoll closely misses you.
You hear a shout!
You shoot an arrow.
The arrow hits the ogre but does no damage.
You hear a shout!
The gnoll bouda closely misses you. The orc hits you with a +0 dagger.
An orc comes into view. It is wielding a +0 short sword.
The gnoll misses you. The gnoll hits you with a +0 flail.
The gnoll bouda misses you. The ogre hits you with a +0 giant club!
You shoot an arrow. The arrow completely misses the ogre.
The gnoll barely misses you. x2
The gnoll bouda hits you with a +0 club.
You die...

.#.# # .#... #.
######..#.# ..
#.......$..
#.#".........
##.#{g@o........
.o...gggO........
##....o..........
.................
..#....####......
# ##... ..../.
##.. ..... ...
..... ### ....


You could see an ogre, a gnoll bouda, 3 gnolls and 3 orcs.

Vanquished Creatures
  Sigmund (D:2)
  A hound (D:5)
  An adder (D:2)
  A worm (D:2)
  A dart slug (D:2)
  A bat (D:2)
  4 endoplasms
  A giant cockroach (D:1)
  2 goblins (D:2)
  4 hobgoblins
  2 quokkas
  5 kobolds
  3 rats
27 creatures vanquished.

Notes
Turn   | Place    | Note
-------+----------+-------------------------------------------
     0 | D:1      | qw the Gargoyle Hunter began the quest for the Orb.
     0 | D:1      | Reached XP level 1. HP: 12/12 MP: 1/1
     0 | D:1      | 0 ||| qw: Version: 0.2-a-119-g7aa9181
     0 | D:1      | 0 ||| qw: Game counter: 2816
     0 | D:1      | 0 ||| qw: Always use a shield: true
     0 | D:1      | 0 ||| qw: God list: Okawaru
     0 | D:1      | 0 ||| qw: Allow faded altars: false
     0 | D:1      | 0 ||| qw: Do Orc after D:15 true
     0 | D:1      | 0 ||| qw: Do second Lair branch before Depths: true
     0 | D:1      | 0 ||| qw: Lair rune preference: random
     0 | D:1      | 0 ||| qw: Plans: Normal
     0 | D:1      | 0 ||| PLANNING D:1-11
    81 | D:1      | Found a transporter.
   129 | D:1      | Found a transporter.
   129 | D:1      | Found Keiv's General Store.
   148 | D:1      | Found Xaonioly's Assorted Antiques.
   156 | D:1      | 156 ||| SHOPLISTING 2 murky amethyst potions (54 gold, have
                  | 28).
   156 | D:1      | 156 ||| SHOPLISTING bone wand (120 gold, have 28).
   156 | D:1      | 156 ||| SHOPLISTING helmet (135 gold, have 28).
   156 | D:1      | 156 ||| BUYING lumpy sapphire potion (27 gold).
   156 | D:1      | Bought a lumpy sapphire potion for 27 gold pieces
   156 | D:1      | 156 ||| SHOPLISTING murky amethyst potion (27 gold, have
                  | 1).
   156 | D:1      | 156 ||| SHOPLISTING scroll labelled JESACS MICWOOT (30
                  | gold, have 1).
   211 | D:1      | Reached XP level 2. HP: 7/17 MP: 2/2
   440 | D:1      | 440 ||| UPGRADING to +6 ring of strength.
   441 | D:1      | 441 ||| READING 4 scrolls labelled ETUCUJ OHAEGEA.
   442 | D:1      | 442 ||| READING scroll labelled MUSHRE VALIFOI.
   443 | D:1      | 443 ||| READING 2 scrolls labelled JESACS MICWOOT.
   544 | D:1      | 544 ||| READING 3 scrolls of identify.
   544 | D:1      | 544 ||| IDENTIFYING lumpy sapphire potion
   545 | D:1      | 545 ||| READING 2 scrolls of identify.
   545 | D:1      | 545 ||| IDENTIFYING blue potion
   546 | D:1      | 546 ||| DROPPING scroll of butterflies.
   547 | D:1      | 547 ||| DROPPING potion of brilliance.
   548 | D:1      | 548 ||| DROPPING scroll of silence.
   716 | D:2      | Reached XP level 3. HP: 21/21 MP: 3/3
   931 | D:2      | Noticed Sigmund
   959 | D:2      | HP: 5/22 [Sigmund/puff of flame (9)]
   960 | D:2      | 960 ||| DRINKING potion of heal wounds.
   964 | D:2      | Killed Sigmund
   965 | D:2      | Reached XP level 4. HP: 31/31 MP: 4/4
   965 | D:2      | Reached XP level 5. HP: 35/35 MP: 5/5
  1063 | D:2      | Found a faded altar of an unknown god.
  1266 | D:2      | 1266 ||| READING scroll labelled GIOJOG ISHROYMN.
  1267 | D:2      | 1267 ||| READING 2 scrolls labelled WYDGHOL CUO.
  1268 | D:2      | 1268 ||| READING 2 scrolls of identify.
  1268 | D:2      | 1268 ||| IDENTIFYING bubbling white potion
  1269 | D:2      | 1269 ||| DROPPING potion of magic.
  1368 | D:3      | You fall into a shaft and drop 2 floors!
  1368 | D:5      | Entered Level 5 of the Dungeon
  1373 | D:5      | Noticed an ogre
  1382 | D:5      | Reached XP level 6. HP: 12/40 MP: 6/6
  1383 | D:5      | HP: 10/40 [gnoll/+0 flail[a gnoll bouda] (1)]
  1383 | D:5      | HP: 3/40 [ogre/+0 giant club (7)]
  1384 | D:5      | Slain by a gnoll bouda

Levels and vault maps discovered:
D:1:      erik_arrival_orb_chamber, layout_rooms, serial_shops,
          nicolae_shop_drivethru, shop
D:2:      layout_loops_cross, shapermc_ecumenical_altar_acropolis, uniq_sigmund
D:3:      layout_basic, minmay_tree_intersection
D:5:      cheibrodos_quashed, layout_rooms, minmay_manual_mess

Skill      XL: |  1  2  3 |
---------------+----------+-----
Ranged Weapons | 5 |  5.3
Fighting       | 5 |  5.4
Dodging        | |  1.5
Stealth        | |  1.1

Action                     |  1- 3 |  4- 6 || total
---------------------------+-------+-------++-------
   Fire: Shortbow          |   100 |    18 ||   118
    Use: Scroll            |     5 |     3 ||     8
         Potion            |     1 |       ||     1
 Armour: Leather armour    |    20 |     5 ||    25
  Dodge: Dodged            |    26 |    20 ||    46

Table legend:
 A = Non-vault XP
 B = Vault XP
 C = Vault XP percentage of total XP
 D = Non-vault monster count
 E = Vault monster count
 F = Vault count percentage of total count
                 A         B        C        D         E       F
            +---------+---------+-------+---------+---------+-------
      Total |     102 |     231 |  69.4 |      26 |       1 |   3.7
            +---------+---------+-------+---------+---------+-------
        D:1 |      14 |       0 |   0.0 |       9 |       0 |   0.0
        D:2 |      43 |     231 |  84.3 |      14 |       1 |   6.7
        D:3 |       3 |       0 |   0.0 |       2 |       0 |   0.0
        D:5 |      42 |       0 |   0.0 |       1 |       0 |   0.0
            +---------+---------+-------+---------+---------+-------
